 Dungeon Crawl Stone Soup version 0.18.1-48-g4cf74bf (webtiles) character file.

15 Bandit the Magician (level 2, -1/17 HPs)
             Began as an Octopode Wizard on July 5, 2016.
             Slain by a worm (10 damage)
             ... on level 2 of the Dungeon.
             The game lasted 00:18:36 (943 turns).

Bandit the Magician (Octopode Wizard)                Turns: 943, Time: 00:18:36

Health: -1/17      AC:  1    Str:  6    XL:     2   Next: 50%
Magic:  2/6        EV: 12    Int: 20    God:
Gold:   85         SH:  0    Dex: 10    Spells: 4 memorised, 0 levels left

rFire  . . .     SeeInvis .     (no weapon)
rCold  . . .     Gourm    .     (no shield)
rNeg   . . .     Faith    .     a - +0 hat
rPois  .         Spirit   .     (no amulet)
rElec  .         Dismiss  .     i - +4 ring of slaying
rCorr  .         Reflect  .     (no ring)
SustAt .         Harm     .     (no ring)
MR     .....                    (no ring)
Stlth  +++.......               (no ring)
                                (no ring)
                                (no ring)
                                (no ring)

@: not resistant to hostile enchantments, fairly stealthy
A: almost no armour, amphibious, 8 rings, constrict 8, camouflage 1, gelatinous
body 1
a: no special abilities


You were on level 2 of the Dungeon.
You were not hungry.

You visited 1 branch of the dungeon, and saw 2 of its levels.

You collected 85 gold pieces.

Inventory:

Hand Weapons
 h - a +0 hunting sling
Missiles
 g - 4 javelins of penetration (quivered)
Armour
 a - a +0 hat (worn)
Jewellery
 i - a +4 ring of slaying (left tentacle)
Scrolls
 f - a scroll of identify {unknown}
Books
 b - a book of Minor Magic

   Spells                             Type                      Level
   a - Magic Dart                     Conjuration                  1
   b - Blink                          Translocation                2
   c - Call Imp                       Summoning                    2
   d - Repel Missiles                 Charms/Air                   2
   e - Slow                           Hexes                        2
   f - Conjure Flame                  Conjuration/Fire             3
   g - Mephitic Cloud                 Conjuration/Poison/Air       3
Comestibles
 c - a bread ration
 d - 2 beef jerkies


   Skills:
 + Level 2.2 Dodging
 + Level 3.1 Stealth
 + Level 0.2 Unarmed Combat
 + Level 3.3 Spellcasting
 + Level 1.0 Conjurations
 + Level 1.0 Summonings
 + Level 1.0 Translocations


You couldn't memorise any spells.
You knew the following spells:

 Your Spells              Type           Power        Failure   Level  Hunger
a - Magic Dart            Conj           #...         12%         1    None
b - Call Imp              Summ           #.......     17%         2    ##.....
c - Blink                 Tloc           N/A          17%         2    ##.....
d - Repel Missiles        Chrm/Air       #.....       24%         2    ##.....


Dungeon Overview and Level Annotations

Branches:
Dungeon (2/15)

Altars:


Innate Abilities, Weirdness & Mutations

You cannot wear most types of armour.
You are amphibious.
You can wear up to eight rings at the same time.
You can use your tentacles to constrict eight enemies at once.
Your skin changes colour to match your surroundings (Stealth).
Your rubbery body absorbs attacks (AC +1).


Message History

The magic dart hits the worm.
The worm is severely wounded.
Casting: Magic Dart
Confirm with . or Enter, or press ? or * to list all spells.
You don't have enough magic to cast that spell.
You tentacle-slap the worm. Your grab misses the worm.
The worm is severely wounded.
The worm closely misses you.
You tentacle-slap the worm but do no damage.
You grab the worm.
The worm is severely wounded.
You constrict the worm. The worm bites you!
You tentacle-slap the worm.
The worm is severely wounded.
You constrict the worm.
You tentacle-slap the worm but do no damage.
The worm is severely wounded.
You constrict the worm. The worm bites you!
Ouch! That really hurt!
You die...

#.# #.# #.# #.# #.#
# #.# #.#w#
#.#@############
#..............#
#######.##########.#
........<.......
#######...######
#####


You could see a worm.

Vanquished Creatures
  A dart slug (D:1)
  A giant cockroach (D:1)
  2 goblins (D:1)
  6 bats (D:1)
  A giant newt (D:1)
  2 rats (D:1)
13 creatures vanquished.

Vanquished Creatures (collateral kills)
  A hobgoblin (D:1)
1 creature vanquished.

Vanquished Creatures (others)
  A hobgoblin (D:2)
1 creature vanquished.

Grand Total: 15 creatures vanquished

Notes
Turn   | Place    | Note
--------------------------------------------------------------
     0 | D:1      | Bandit the Octopode Wizard began the quest for the Orb.
     0 | D:1      | Reached XP level 1. HP: 11/11 MP: 4/4
   399 | D:1      | Reached XP level 2. HP: 17/17 MP: 6/6
   434 | D:1      | Learned a level 2 spell: Call Imp
   471 | D:1      | Learned a level 2 spell: Blink
   483 | D:1      | Learned a level 2 spell: Repel Missiles
   943 | D:2      | Slain by a worm

Skill      XL: |  1 |
---------------+----+-----
Stealth        | 3 |  3.1
Dodging        | |  2.2
Unarmed Combat | |  0.2
Spellcasting   | |  3.3
Conjurations   | |  1.0
Summonings     | |  1.0
Translocations | |  1.0

Action                   || total
-------------------------++-------
Melee: Unarmed           ||    27
       Constrict         ||    11
       Tentacles         ||     2
Throw: Javelin           ||     1
 Cast: Magic Dart        ||     5
       Blink             ||     1
       Call Imp          ||     1
  Use: Scroll            ||     1
 Stab: Sleeping          ||     1
Armor: Skin              ||     9
Dodge: Dodged            ||    39
